 Dungeon Crawl Stone Soup version 0.21.0-24-g2553a33 (webtiles) character file.

1162 tidbits the Grave Robber (level 8, 58/58 HPs)
             Began as a Gnoll Necromancer on Jan 20, 2018.
             Quit the game on level 6 of the Dungeon.
             The game lasted 00:18:26 (1829 turns).

tidbits the Grave Robber (Gnoll Necromancer)        Turns: 1829, Time: 00:18:27

Health: 58/58      AC: 16    Str: 11    XL:     8   Next: 39%
Magic:  17/17      EV: 16    Int: 19    God:
Gold:   230        SH:  7    Dex: 21    Spells: 11/19 levels left

rFire    . . .     SeeInvis .   o - +0 war axe
rCold    . . .     Gourm    .   D - +1 buckler {AC+3}
rNeg     + . .     Faith    .   B - +6 scale mail of Philately {rCorr Dex+5}
rPois    .         Spirit   .   E - +0 helmet
rElec    .         Reflect  .   (no cloak)
rCorr    +         Harm     .   (no gloves)
MR       .....                  (no boots)
Stlth    ++........             (no amulet)
HPRegen  0.19/turn              V - +4 ring of evasion
MPRegen  0.15/turn              n - ring of positive energy

@: no status effects
A: distributed training, fangs 1, strong nose
a: no special abilities


You were on level 6 of the Dungeon.
You were very full.

You visited 2 branches of the dungeon, and saw 8 of its levels.
You also visited: Sewer.

You collected 230 gold pieces.

Inventory:

Hand Weapons
 g - a +1 dagger of venom
   (You took it off Dowan on level 4 of the Dungeon)
 i - a +0 hunting sling
 k - a +0 dagger
 l - a +0 short sword
 o - a +0 war axe (weapon)
 r - a +2 rapier of speed
   (You found it on level 5 of the Dungeon)
 u - a +0 fustibalus
Missiles
 d - 28 sling bullets
 m - 15 stones (quivered)
 q - a throwing net {!f}
 s - 74 arrows
Armour
 h - a cursed +0 ring mail
 p - a +0 robe
 B - the +6 scale mail of Philately (worn) {rCorr Dex+5}
   (You found it on level 4 of the Dungeon)

   It affects your dexterity (+5).
   It protects you from acid and corrosion.
 D - a +1 buckler of protection (worn)
   (You found it in a sewer)
 E - a +0 helmet (worn)
Jewellery
 n - a ring of positive energy (right hand)
   (You found it on level 4 of the Dungeon)
 V - a +4 ring of evasion (left hand)
   (You found it on level 3 of the Dungeon)
Wands
 x - a wand of polymorph (16)
 y - a wand of paralysis (13)
Scrolls
 a - a scroll of teleportation
 e - 2 scrolls of fog
 f - 2 scrolls of blinking
 j - a scroll of identify
 v - a scroll of enchant weapon
Potions
 t - 2 potions of curing
 w - a potion of haste
Books
 b - a book of Necromancy

   Spells                             Type                      Level
   a - Pain                           Necromancy                   1
   b - Animate Skeleton               Necromancy                   1
   c - Vampiric Draining              Necromancy                   3
   d - Regeneration                   Charms/Necromancy            3
   e - Animate Dead                   Necromancy                   4
   f - Borgnjor's Vile Clutch         Necromancy/Earth             5
Comestibles
 c - 6 rations


   Skills:
 + Level 3.1 Fighting
 + Level 3.1 Short Blades
 + Level 3.1 Long Blades
 + Level 3.1 Axes
 + Level 3.1 Maces & Flails
 + Level 3.1 Polearms
 + Level 3.1 Staves
 + Level 3.1 Slings
 + Level 3.1 Bows
 + Level 3.1 Crossbows
 + Level 3.1 Throwing
 + Level 3.1 Armour
 + Level 5.6 Dodging
 + Level 5.3 Stealth
 + Level 3.1 Shields
 + Level 3.1 Unarmed Combat
 + Level 6.0 Spellcasting
 + Level 2.5 Conjurations
 + Level 2.5 Hexes
 + Level 2.5 Charms
 + Level 2.5 Summonings
 + Level 7.6 Necromancy
 + Level 2.5 Translocations
 + Level 2.5 Transmutations
 + Level 2.5 Fire Magic
 + Level 2.5 Ice Magic
 + Level 2.5 Air Magic
 + Level 2.5 Earth Magic
 + Level 2.5 Poison Magic
 + Level 3.5 Invocations
 + Level 3.1 Evocations


You had 11 spell levels left.
You knew the following spells:

 Your Spells              Type           Power        Failure   Level  Hunger
a - Pain                  Necr           ####         3%          1    None
d - Vampiric Draining     Necr           ####......   9%          3    ##.....
n - Animate Skeleton      Necr           N/A          3%          1    None
r - Regeneration          Chrm/Necr      ####......   26%         3    ##.....


Dungeon Overview and Level Annotations

Branches:
Dungeon (7/15)             Temple (1/1) D:7

Altars:
Ashenzari
Dithmenos
Elyvilon
Fedhas
Gozag
Hepliaklqana
Kikubaaqudgha
Nemelex Xobeh
Okawaru
Qazlal
Ru
Sif Muna
Trog
Vehumet
Wu Jian
Xom
Yredelemnul
Zin


Innate Abilities, Weirdness & Mutations

Your experience applies equally to all skills.
You have very sharp teeth.
Your uncanny sense of smell can sniff out nearby items.


Message History

You open the door.
There is an open door here.
You hit the hound zombie.
The hound zombie is moderately damaged.
The hound zombie misses you. The hound zombie barely misses you.
You hit the hound zombie.
The hound zombie is moderately damaged.
The hound zombie barely misses you. You block the hound zombie's attack.
You hit the hound zombie.
The hound zombie is heavily damaged.
The hound zombie bites you but does no damage.
The hound zombie barely misses you.
You hit the hound zombie.
The hound zombie is heavily damaged.
The hound zombie bites you but does no damage.
You barely miss the hound zombie.
The hound zombie is heavily damaged.
You block the hound zombie's attack.
The hound zombie bites you but does no damage.
You hit the hound zombie.
The hound zombie is severely damaged.
The hound zombie completely misses you.
The hound zombie bites you but does no damage.
You slash the hound zombie! Your bite misses the hound zombie.
The hound zombie is almost destroyed.
The hound zombie barely misses you.
You hit the hound zombie but do no damage.
The hound zombie is almost destroyed.
The hound zombie closely misses you. You block the hound zombie's attack.
You hit the hound zombie.
You destroy the hound zombie!
Found a wooden wand.
You see here a wand of paralysis (13).
y - a wand of paralysis (13)
You enter a teleport trap!
The teleport trap disappears.
Your surroundings suddenly seem different.
Found 10 gold pieces.
You see here 10 gold pieces.
Unknown command.
You now have 230 gold pieces (gained 10).
A howler monkey comes into view.
The howler monkey howls!
The howler monkey closely misses you.
You slash the howler monkey!
The howler monkey is moderately wounded.
The howler monkey barely misses you. The howler monkey misses you.
You hit the howler monkey.
The howler monkey is heavily wounded.
The howler monkey hits you but does no damage.
You block the howler monkey's attack.
You closely miss the howler monkey.
The howler monkey is heavily wounded.
You block the howler monkey's attack.
You completely miss the howler monkey.
The howler monkey is heavily wounded.
The howler monkey hoots and howls with incredible vigour!
The howler monkey hits you but does no damage.
You barely miss the howler monkey.
The howler monkey is heavily wounded.
The howler monkey completely misses you.
The howler monkey barely misses you.
You hit the howler monkey.
The howler monkey is severely wounded.
The howler monkey closely misses you.
You hit the howler monkey.
The howler monkey is almost dead.
The howler monkey barely misses you.
The howler monkey hoots and howls with incredible vigour!
Your scale mail of Philately prevents you from hitting the howler monkey.
The howler monkey is almost dead.
The howler monkey hits you but does no damage.
Your scale mail of Philately prevents you from hitting the howler monkey.
The howler monkey is almost dead.
The howler monkey barely misses you. The howler monkey closely misses you.
You hit the howler monkey but do no damage.
The howler monkey is almost dead.
You block the howler monkey's attack. The howler monkey closely misses you.
You slash the howler monkey!
You kill the howler monkey!
Your Spellcasting skill increases to level 6!
You see here a howler monkey corpse.
You open the door.
Found 20 arrows.
There is an open door here.
Found a stone staircase leading up.
You see here 20 arrows.
s - 74 arrows (gained 20)
There is a stone staircase leading up here.
You climb upwards.
Found a potion of curing.
There is a stone staircase leading down here.
Unknown command.
You see here a potion of curing.
t - 2 potions of curing (gained 1)
Okay, then.
You open the door.
Found a leather armour.
There is an open door here.
A jelly comes into view.
Are you sure you want to abandon this character and quit the game? (Confirm with "yes".)

#.. #. ########### #..
.. #.........# ### #.
#.........# #J
#.........# #. #.
#.........#
##..##.##.........#
#.................######
#......@..........#...(.
#........##...#####.....
####.#.####...#####.....
#...#..'.............
##..#.##...####......
#..#.##...# #......
#.>#.##...# #......
##.#.##...# #....<.
#.#.##.[.# #.#...#


You could see a jelly.

Vanquished Creatures
  Prince Ribbit (D:5)
  Duvessa (D:4)
  A phantom (D:6)
  A centaur (D:5)
  Dowan (D:4)
  A scorpion (D:5)
  6 howler monkeys
  A hound (D:5)
  A jelly (D:5)
  3 orc wizards
  A gnoll shaman (D:4)
  A hound zombie (D:7)
  Robin (D:3)
  2 gnolls (D:4)
  2 adders (D:3)
  A howler monkey skeleton (D:7)
  2 shadow imps
  2 worms
  A dart slug (D:4)
  A leopard gecko (D:4)
  12 orcs
  3 ball pythons
  12 goblins (D:3)
  4 hobgoblins (D:3)
  4 jackals (Sewer)
  3 quokkas
  11 bats
  A frilled lizard (Sewer)
  6 kobolds
  A leopard gecko skeleton (D:4)
  A quokka zombie (D:6)
  A rat (D:3)
90 creatures vanquished.

Notes
Turn   | Place    | Note
-------+----------+-------------------------------------------
     0 | D:1      | tidbits the Gnoll Necromancer began the quest for the Orb.
     0 | D:1      | Reached XP level 1. HP: 13/13 MP: 6/6
    66 | D:3      | Noticed an orc wizard
    76 | D:3      | Reached XP level 2. HP: 12/20 MP: 0/7
   122 | D:3      | Found a glowing drain.
   133 | Sewer    | Entered a sewer
   177 | Sewer    | Reached XP level 3. HP: 3/25 MP: 3/9
   182 | Sewer    | Learned a level 3 spell: Vampiric Draining
   186 | Sewer    | Learned a level 3 spell: Regeneration
   188 | Sewer    | Learned a level 1 spell: Animate Skeleton
   248 | Sewer    | Reached skill level 5 in Spellcasting
   464 | Sewer    | Reached skill level 1 in Invocations
   643 | D:3      | Reached skill level 1 in Fighting
   643 | D:3      | Reached skill level 1 in Short Blades
   643 | D:3      | Reached skill level 1 in Long Blades
   643 | D:3      | Reached skill level 1 in Axes
   643 | D:3      | Reached skill level 1 in Maces & Flails
   643 | D:3      | Reached skill level 1 in Polearms
   643 | D:3      | Reached skill level 1 in Staves
   643 | D:3      | Reached skill level 1 in Slings
   643 | D:3      | Reached skill level 1 in Bows
   643 | D:3      | Reached skill level 1 in Crossbows
   643 | D:3      | Reached skill level 1 in Throwing
   643 | D:3      | Reached skill level 1 in Armour
   643 | D:3      | Reached skill level 1 in Shields
   643 | D:3      | Reached skill level 1 in Unarmed Combat
   643 | D:3      | Reached skill level 1 in Evocations
   643 | D:3      | Reached XP level 4. HP: 9/32 MP: 1/11
   703 | D:3      | Noticed Robin
   744 | D:3      | Reached skill level 1 in Conjurations
   744 | D:3      | Reached skill level 1 in Hexes
   744 | D:3      | Reached skill level 1 in Charms
   744 | D:3      | Reached skill level 1 in Summonings
   744 | D:3      | Reached skill level 1 in Translocations
   744 | D:3      | Reached skill level 1 in Transmutations
   744 | D:3      | Reached skill level 1 in Fire Magic
   744 | D:3      | Reached skill level 1 in Ice Magic
   744 | D:3      | Reached skill level 1 in Air Magic
   744 | D:3      | Reached skill level 1 in Earth Magic
   744 | D:3      | Reached skill level 1 in Poison Magic
   801 | D:3      | Killed Robin
   801 | D:3      | Reached XP level 5. HP: 31/37 MP: 0/12
   985 | D:4      | Got a faintly glowing scale mail
   996 | D:4      | Identified the +6 scale mail of Philately {rCorr Dex+5} (You found it on level 4 of the Dungeon)
  1003 | D:4      | Noticed Duvessa
  1004 | D:4      | Noticed Dowan
  1030 | D:3      | Found a white marble altar of Elyvilon.
  1070 | D:4      | Killed Duvessa
  1070 | D:4      | Reached skill level 2 in Invocations
  1070 | D:4      | Reached XP level 6. HP: 29/44 MP: 4/14
  1071 | D:4      | Killed Dowan
  1071 | D:4      | Reached skill level 2 in Fighting
  1071 | D:4      | Reached skill level 2 in Short Blades
  1071 | D:4      | Reached skill level 2 in Long Blades
  1071 | D:4      | Reached skill level 2 in Axes
  1071 | D:4      | Reached skill level 2 in Maces & Flails
  1071 | D:4      | Reached skill level 2 in Polearms
  1071 | D:4      | Reached skill level 2 in Staves
  1071 | D:4      | Reached skill level 2 in Slings
  1071 | D:4      | Reached skill level 2 in Bows
  1071 | D:4      | Reached skill level 2 in Crossbows
  1071 | D:4      | Reached skill level 2 in Throwing
  1071 | D:4      | Reached skill level 2 in Armour
  1071 | D:4      | Reached skill level 5 in Dodging
  1071 | D:4      | Reached skill level 2 in Shields
  1071 | D:4      | Reached skill level 2 in Unarmed Combat
  1071 | D:4      | Reached skill level 2 in Evocations
  1206 | D:5      | Entered Level 5 of the Dungeon
  1237 | D:5      | Reached XP level 7. HP: 42/50 MP: 13/15
  1258 | D:5      | Reached skill level 2 in Conjurations
  1258 | D:5      | Reached skill level 2 in Hexes
  1258 | D:5      | Reached skill level 2 in Charms
  1258 | D:5      | Reached skill level 2 in Summonings
  1258 | D:5      | Reached skill level 2 in Translocations
  1258 | D:5      | Reached skill level 2 in Transmutations
  1258 | D:5      | Reached skill level 2 in Fire Magic
  1258 | D:5      | Reached skill level 2 in Ice Magic
  1258 | D:5      | Reached skill level 2 in Air Magic
  1258 | D:5      | Reached skill level 2 in Earth Magic
  1258 | D:5      | Reached skill level 2 in Poison Magic
  1284 | D:5      | Found a sacrificial altar of Ru.
  1344 | D:6      | Noticed Prince Ribbit
  1357 | D:5      | Reached skill level 5 in Stealth
  1365 | D:5      | Killed Prince Ribbit
  1365 | D:5      | Reached skill level 3 in Invocations
  1365 | D:5      | Reached XP level 8. HP: 53/57 MP: 2/16
  1498 | D:6      | Reached skill level 3 in Fighting
  1498 | D:6      | Reached skill level 3 in Short Blades
  1498 | D:6      | Reached skill level 3 in Long Blades
  1498 | D:6      | Reached skill level 3 in Axes
  1498 | D:6      | Reached skill level 3 in Maces & Flails
  1498 | D:6      | Reached skill level 3 in Polearms
  1498 | D:6      | Reached skill level 3 in Staves
  1498 | D:6      | Reached skill level 3 in Slings
  1498 | D:6      | Reached skill level 3 in Bows
  1498 | D:6      | Reached skill level 3 in Crossbows
  1498 | D:6      | Reached skill level 3 in Throwing
  1498 | D:6      | Reached skill level 3 in Armour
  1498 | D:6      | Reached skill level 3 in Shields
  1498 | D:6      | Reached skill level 3 in Unarmed Combat
  1498 | D:6      | Reached skill level 3 in Evocations
  1611 | D:7      | Found a staircase to the Ecumenical Temple.
  1616 | Temple   | Entered the Ecumenical Temple
  1777 | D:7      | Reached skill level 6 in Spellcasting
  1829 | D:6      | Quit the game

Skill      XL: |  1  2  3  4  5  6  7  8 |
---------------+-------------------------+-----
Spellcasting   | 5 6 |  6.0
Invocations    | 1 2 3 |  3.5
Fighting       | 1 2 3 |  3.1
Short Blades   | 1 2 3 |  3.1
Long Blades    | 1 2 3 |  3.1
Axes           | 1 2 3 |  3.1
Maces & Flails | 1 2 3 |  3.1
Polearms       | 1 2 3 |  3.1
Staves         | 1 2 3 |  3.1
Slings         | 1 2 3 |  3.1
Bows           | 1 2 3 |  3.1
Crossbows      | 1 2 3 |  3.1
Throwing       | 1 2 3 |  3.1
Armour         | 1 2 3 |  3.1
Shields        | 1 2 3 |  3.1
Unarmed Combat | 1 2 3 |  3.1
Evocations     | 1 2 3 |  3.1
Conjurations   | 1 2 |  2.5
Hexes          | 1 2 |  2.5
Charms         | 1 2 |  2.5
Summonings     | 1 2 |  2.5
Translocations | 1 2 |  2.5
Transmutations | 1 2 |  2.5
Fire Magic     | 1 2 |  2.5
Ice Magic      | 1 2 |  2.5
Air Magic      | 1 2 |  2.5
Earth Magic    | 1 2 |  2.5
Poison Magic   | 1 2 |  2.5
Dodging        | 5 |  5.6
Stealth        | 5 |  5.3
Necromancy     | |  7.6

Action                   |  1- 3 |  4- 6 |  7- 9 || total
-------------------------+-------+-------+-------++-------
Melee: Unarmed           |    26 |       |       ||    26
       Dagger            |    11 |    29 |       ||    40
       Bite              |     6 |    19 |    12 ||    37
       Short sword       |       |    67 |       ||    67
       War axe           |       |    43 |   134 ||   177
 Cast: Pain              |    45 |     3 |       ||    48
       Vampiric Draining |     2 |    10 |     6 ||    18
       Regeneration      |     2 |     6 |     1 ||     9
  Use: Potion            |     1 |     2 |     1 ||     4
       Scroll            |       |     5 |     3 ||     8
  Eat: Ration            |     1 |     1 |     2 ||     4
Armor: Robe              |     6 |    13 |       ||    19
       Scale mail        |       |    40 |    66 ||   106
Dodge: Dodged            |    61 |   141 |   133 ||   335
Block: Buckler           |    10 |    68 |    61 ||   139

Table legend:
 A = Turns spent in this place as a percentage of turns spent in the entire game.
 B = Non-inter-level travel turns spent in this place as a percentage of non-inter-level travel turns spent in the entire game.
 C = Inter-level travel turns spent in this place as a percentage of turns spent in this place.
 D = Turns resting spent in this place as a percentage of non-inter-level travel turns spent in this place.
 E = Turns spent auto-exploring this place as a percentage of non-inter-level travel turns spent in this place.
 F = Non-inter-level travel turns spent in this place divided by the number of levels of this place that you've seen.
                   A       B       C       D       E      F
               +-------+-------+-------+-------+-------+----------------------
         Total | 100.0 | 100.0 |   0.8 |   0.0 |   0.0 | 201.7
       Dungeon |  71.6 |  72.1 |   0.0 |   0.0 |   0.0 | 187.0
        Temple |   4.3 |   3.5 |  17.9 |   0.0 |   0.0 |  64.0
         Sewer |  24.2 |  24.4 |   0.0 |   0.0 |   0.0 | 442.0
               +-------+-------+-------+-------+-------+----------------------

Table legend:
 A = Kills in this place as a percentage of kills in entire the game.
 B = Kills by you in this place as a percentage of kills by you in the entire game.
 C = Kills by friends in this place as a percentage of kills by friends in the entire game.
 D = Other kills in this place as a percentage of other kills in the entire game.
 E = Experience gained in this place as a percentage of experience gained in the entire game.
 F = Experience gained in this place divided by the number of levels of this place that you have seen.
                   A       B       C       D       E      F
               +-------+-------+-------+-------+-------+----------------------
         Total | 100.0 | 100.0 |   N/A |   N/A | 100.0 | 184.4
       Dungeon |  80.0 |  80.0 |   N/A |   N/A |  98.2 | 232.9
         Sewer |  20.0 |  20.0 |   N/A |   N/A |   1.8 |  30.0
               +-------+-------+-------+-------+-------+----------------------

Vault maps used:
D:1:      matt_arrival_refuge
D:2:      tso_oasis_becter, first_ration, xom_teletrap_fun
D:3:      lemuel_upstairs_altar, portal_sewer_entry_d, uniq_robin
D:4:      uniq_duvessa
D:5:      minmay_item_behind_shaft, nicolae_ru_path_of_blood
D:6:      basic_altar, uniq_prince_ribbit1
D:7:      temple_doors_e, hangedman_decor_points, grunt_ogre_cave,
          kennysheep_generic_room_11
Temple:   regret_index_temple_mists
Sewer:    sewer_fruit_machine
